 Dungeon Crawl Stone Soup version 0.17.0-23-g0de4337 (webtiles) character file.

228 TruthSerum the Ruffian (level 5, -2/53 HPs)
             Began as a Troll Monk on Nov 15, 2015.
             Was a Believer of Okawaru.
             Slain by an orc
             ... wielding a +0 mace
              (8 damage)
             ... on level 4 of the Dungeon.
             The game lasted 00:08:27 (2396 turns).

TruthSerum the Ruffian (Troll Monk)                 Turns: 2396, Time: 00:08:27

Health: -2/53      AC:  5    Str: 19    XL:     5   Next: 70%
Magic:  13/13      EV: 11    Int:  6    God:    Okawaru [**....]
Gold:   151        SH:  0    Dex: 13    Spells: 0 memorised, 4 levels left

rFire  . . .     SeeInvis .       - Unarmed
rCold  . . .     Clarity  .     a - +0 robe
rNeg   . . .     SustAt   .     (no shield)
rPois  .         Gourm    +     (helmet restricted)
rElec  .         Spirit   .     (no cloak)
rCorr  .         Warding  .     (gloves unavailable)
rMut   .         Stasis   .     (boots unavailable)
MR     .....                    (no amulet)
Stlth  +.........               (no ring)
                                n - ring of magical power

@: not resistant to hostile enchantments, very unstealthy
A: unfitting armour, claws 3, fast metabolism 3, gourmand, regeneration 2,
shaggy fur 1, tough skin 2
a: Heroism, Renounce Religion


You were on level 4 of the Dungeon.
You worshipped Okawaru.
Okawaru was pleased with you.
You were very full.

You visited 1 branch of the dungeon, and saw 4 of its levels.

You collected 151 gold pieces.

Inventory:

Armour
 a - a +0 robe (worn)
Jewellery
 n - a ring of magical power (left claw)
Scrolls
 e - a scroll of teleportation
 o - a scroll of recharging
 p - a scroll of random uselessness {unknown}
 q - a scroll of identify
Potions
 f - a potion of mutation {unknown}
 h - a potion of resistance
 j - a potion of haste {unknown}
 m - 2 potions of curing {unknown}
Comestibles
 b - 4 bread rations
 c - a royal jelly
 d - 2 meat rations
 i - a slice of pizza
 k - 2 beef jerkies
 l - 2 fruits


   Skills:
 + Level 3.4 Fighting
 + Level 3.4 Dodging
 - Level 1.1 Stealth
 * Level 5.6 Unarmed Combat


You had 4 spell levels left.
You didn't know any spells.

Dungeon Overview and Level Annotations

Branches:
Dungeon (4/15)
 Temple: D:4-7

Altars:
Okawaru
Qazlal
Xom


Innate Abilities, Weirdness & Mutations

You are too large for most types of armour.
You have claws for hands.
Your metabolism is lightning-fast.
You like to eat raw meat.
You heal very quickly.
You are covered in fur (AC +1).
You have very tough skin (AC +2).


Message History

* * * LOW HITPOINT WARNING * * *
You barely miss the orc wizard.
The orc wizard is severely wounded.
The orc wizard closely misses you. The orc barely misses you.
You claw the orc wizard!
You kill the orc wizard!
Okawaru accepts your kill.
You bump into the metal wall.
The orc hits you but does no damage.
You bump into the metal wall.
The orc hits you with a mace.
* * * LOW HITPOINT WARNING * * *
You bump into the metal wall.
You feel less confused. The orc hits you with a mace.
* * * LOW HITPOINT WARNING * * *
You barely miss the orc. The orc hits you with a mace.
* * * LOW HITPOINT WARNING * * *
You barely miss the orc. You barely miss the orc. The orc barely misses you.
You barely miss the orc. The orc hits you with a mace!
You die...

#.#.# #
#.#.#
.##.#.#####
#
.........#
.. #.......
#..# ....
.#....#
#.##...#..#
#)o).......
#@#######.#
##'##
#...##
#<...#
##....#
##....#
....+ ....#
...##


You could see an orc.

Vanquished Creatures
  A hound (D:4)
  A worker ant (D:4)
  An orc wizard (D:4)
  Robin (D:3)
  An adder (D:3)
  A gnoll (D:3)
  2 oozes
  A worm (D:3)
  4 orcs
  6 bats
  11 giant cockroaches
  19 goblins
  11 hobgoblins
  A ball python (D:4)
  A giant cockroach zombie (D:3)
  3 giant geckos
  15 giant newts
  6 jackals (D:2)
  A jackal zombie (D:3)
  10 kobolds
  5 rats
102 creatures vanquished.

Vanquished Creatures (others)
  A goblin (D:3)
1 creature vanquished.

Grand Total: 103 creatures vanquished

Notes
Turn   | Place    | Note
--------------------------------------------------------------
     0 | D:1      | TruthSerum the Troll Monk began the quest for the Orb.
     0 | D:1      | Reached XP level 1. HP: 22/22 MP: 0/0
   146 | D:1      | Reached XP level 2. HP: 29/29 MP: 1/1
   702 | D:1      | Reached XP level 3. HP: 36/36 MP: 2/2
  1467 | D:3      | Reached XP level 4. HP: 44/44 MP: 3/3
  1586 | D:3      | Found an iron altar of Okawaru.
  1612 | D:3      | Became a worshipper of Warmaster Okawaru
  1612 | D:3      | Reached * piety under Okawaru
  1612 | D:3      | Reached ** piety under Okawaru
  1635 | D:3      | Found a stormy altar of Qazlal.
  1646 | D:3      | Reached skill level 5 in Unarmed Combat
  1686 | D:3      | Noticed Robin
  1698 | D:3      | Killed Robin
  1943 | D:3      | Found a shimmering altar of Xom.
  2350 | D:4      | Reached XP level 5. HP: 37/53 MP: 4/4
  2396 | D:4      | Slain by an orc

Action                   |  1- 3 |  4- 6 || total
-------------------------+-------+-------++-------
Melee: Unarmed           |   130 |   115 ||   245
  Use: Scroll            |     9 |       ||     9
  Eat: Chunk             |    18 |     9 ||    27
